 Dungeon Crawl Stone Soup version 0.28.0-53-g5a82cb258f (webtiles) character file.

Game seed: 11447162785326283721

128 DocClef the Ruffian (level 4, -3/35 HPs)
             Began as a Demonspawn Gladiator on July 6, 2022.
             Killed by divine providence
             ... invoked by an orc priest
              (10 damage)
             ... on level 3 of the Dungeon.
             The game lasted 00:03:01 (2708 turns).

DocClef the Ruffian (Demonspawn Gladiator)          Turns: 2708, Time: 00:03:02

Health: -3/35      AC:  5    Str: 16    XL:     4   Next: 86%
Magic:  4/4        EV: 12    Int: 10    God:
Gold:   189        SH:  0    Dex: 14    Spells: 3/3 levels left

rFire   . . .      SeeInvis .     - Unarmed
rCold   . . .      Faith    .   (no shield)
rNeg    . . .      Spirit   .   b - +0 leather armour
rPois   .          Reflect  .   c - +0 helmet
rElec   .          Harm     .   (no cloak)
rCorr   .          Rampage  .   f - +0 pair of gloves
Will    .....                   (no boots)
Stlth   +.........              (no amulet)
HPRegen 0.11/turn               (no ring)
MPRegen 0.09/turn               (no ring)

@: no status effects
A: demonic touch 1
a: no special abilities


You were on level 3 of the Dungeon.
You visited 1 branch of the dungeon, and saw 3 of its levels.

You collected 189 gold pieces.

Inventory:

Hand Weapons
 a - a +0 war axe
Missiles
 d - 4 throwing nets (quivered)
Armour
 b - a +0 leather armour (worn)
 c - a +0 helmet (worn)
 f - a +0 pair of gloves (worn)
Jewellery
 m - an amulet of regeneration
Scrolls
 e - 2 scrolls of blinking {unknown}
 i - 2 scrolls of summoning {unknown}
 j - 3 scrolls of teleportation {unknown}
 l - a scroll of identify {unknown}
 n - a scroll of fear {unknown}
Potions
 g - a potion of invisibility {unknown}
 h - 2 potions of might {unknown}
 k - a potion of ambrosia {unknown}


   Skills:
 - Level 3.0 Fighting
 - Level 2.6 Axes
 - Level 1.7 Throwing
 - Level 2.6 Dodging
 + Level 3.5 Unarmed Combat


You had 3 spell levels left.
You didn't know any spells.
Your spell library contained the following spells:

 Spells                   Type           Power      Damage    Failure   Level
 Slow                     Hex            0%         N/A       43%         1
 Call Canine Familiar     Summ           0%         N/A       80%         3
 Confusing Touch          Hex            0%         N/A       80%         3
 Portal Projectile        Hex/Tloc       0%         N/A       80%         3
 Vampiric Draining        Necr           0%         2d6       80%         3
 Leda's Liquefaction      Hex/Erth       0%         N/A       99%         4


Dungeon Overview and Level Annotations

Branches:
Dungeon (3/15)

Altars:


Innate Abilities, Weirdness & Mutations

Your touch may inflict minor irresistible damage on your foes.


Message History

A wight and an orc priest come into view.
The wight is wielding a +3 falchion of freezing.
The orc priest shouts!
You hear a shout! x2
An orc wizard comes into view. It is wielding a +0 dagger.
The orc priest moves out of view.
An orc wizard is nearby!
An orc wizard is nearby!
An orc wizard is nearby!
An orc wizard is nearby!
An orc wizard is nearby!
An orc wizard comes into view. It is wielding a +0 dagger.
The orc wizard shouts!
An orc comes into view. It is wielding a +0 flail.
The orc wizard moves out of view.
Found a scroll labelled ABBAEM GAILYK.
The orc priest looks satisfied for a moment.
A gnoll comes into view. It is wielding a +0 halberd.
The gnoll shouts!
You hear a shout!
A gnoll comes into view. It is wielding a +0 club.
The gnoll shouts!
You hit the orc priest. Your touch misses the orc priest.
The orc priest is moderately wounded.
You hit the orc priest but do no damage.
The orc priest is moderately wounded.
The wight closely misses you.
The orc priest mumbles some strange prayers to Beogh against you.
Beogh smites you!
The orc wizard casts a spell.
The orc wizard flickers and vanishes!
Deactivating autopickup; reactivate with Ctrl-A.
The wight hits you with a +3 falchion of freezing!
The wight freezes you.
The orc priest looks braver for a moment.
There is an open door here.
The orc priest mumbles some strange prayers to Beogh against you.
Beogh smites you!
* * * LOW HITPOINT WARNING * * *
The orc priest invokes the aid of Beogh against you.
Beogh smites you!
You die...

#.......).#..#.........# #......
......######g#.........####......
................o.............†..
###.#########.#..#########.<.z.z.
#...........o..# #.#(#.##
#.#####.......z# #.#.#.##
#....##.####<..# #.#.#.##
####.##.# #...#########.#.#.##
#.##.# #..@..........#.#...
#.##.####.#.###########.####
#.........#.# #.....
####........# ###### ##########


You could see a wight, an orc priest, a gnoll and an orc.

Vanquished Creatures
  A wight (D:2)
  An orc wizard (D:3)
  3 dart slugs
  3 orcs (D:3)
  3 endoplasms
  2 giant cockroaches (D:1)
  6 goblins
  3 hobgoblins
  3 jackals (D:1)
  2 quokkas
  8 ball pythons
  7 bats
  A frilled lizard (D:2)
  6 kobolds
  7 rats
56 creatures vanquished.

Notes
Turn   | Place    | Note
-------+----------+-------------------------------------------
     0 | D:1      | DocClef the Demonspawn Gladiator began the quest for the
                  | Orb.
     0 | D:1      | Reached XP level 1. HP: 16/16 MP: 1/1
    59 | D:1      | Gained mutation: Your touch may inflict minor irresistible
                  | damage on your foes. [demonic ancestry]
    59 | D:1      | Reached XP level 2. HP: 12/23 MP: 2/2
   293 | D:1      | Found a faded altar of an unknown god.
   517 | D:1      | Reached skill level 1 in Unarmed Combat
   563 | D:1      | Reached XP level 3. HP: 18/29 MP: 3/3
  2223 | D:2      | Reached XP level 4. HP: 15/35 MP: 4/4
  2708 | D:3      | Killed from afar by an orc priest

Illustrated notes

Levels and vault maps discovered:
D:1:      dpeg_arrival_tiny_a, layout_basic,
          shapermc_ecumenical_altar_starsandcircs, minmay_pentomino_w4
D:2:      layout_basic, chequers_mini_garden, minmay_misc_feat_nine_boxes,
          small_statue_intersection, lemuel_another_geyser
D:3:      layout_basic

Skill      XL: |  1  2  3 |
---------------+----------+-----
Fighting       | 3 |  3.0
Unarmed Combat | 1 3 |  3.5
Axes           | |  2.6
Throwing       | |  1.7
Dodging        | |  2.6

Action                   |  1- 3 |  4- 6 || total
-------------------------+-------+-------++-------
Melee: War axe           |    24 |       ||    24
       Unarmed           |   122 |    21 ||   143
       Touch             |    30 |     5 ||    35
       Punch             |     2 |       ||     2
Armor: Leather armour    |    56 |     2 ||    58
Dodge: Dodged            |   117 |    12 ||   129
